 Dungeon Crawl Stone Soup version 0.27-a0-1308-gc08437e49b (webtiles) character file.

Game seed: 13943167195826984013

114 Dvallin the Ruffian (level 4, -2/40 HPs)
             Began as a Ghoul Monk on June 18, 2021.
             Was a Believer of Uskayaw.
             Slain by a wyvern skeleton (9 damage)
             ... on level 3 of the Dungeon.
             The game lasted 00:05:05 (3016 turns).

Dvallin the Ruffian (Ghoul Monk)                    Turns: 3016, Time: 00:05:05

Health: -2/40      AC:  6    Str: 15    XL:     4   Next: 97%
Magic:  4/4        EV: 12    Int:  5    God:    Uskayaw [**....]
Gold:   76         SH:  0    Dex: 11    Spells: 3/3 levels left

rFire    + . .     SeeInvis .     - Unarmed
rCold    + + .     Faith    .   (no shield)
rNeg     + + +     Spirit   .   b - +0 leather armour
rPois    ∞         Reflect  .   h - +2 hat
rElec    .         Harm     .   c - scarf {rC+ rF+}
rCorr    .         Rampage  .   k - +0 pair of gloves
Will     .....                  (no boots)
Stlth    ++........             (no amulet)
HPRegen  0.00/turn              (no ring)
MPRegen  0.09/turn              (no ring)

@: no status effects
A: claws 1, cold resistance 1, negative energy resistance 3, inhibited
regeneration, torment resistance 2
a: Renounce Religion, Stomp, Line Pass


You were on level 3 of the Dungeon.
You worshipped Uskayaw.
Uskayaw was noncommittal.
You visited 1 branch of the dungeon, and saw 3 of its levels.

You collected 76 gold pieces.

Inventory:

Missiles
 g - 7 atropa-tipped darts
 i - 156 stones (quivered)
Armour
 b - a +0 leather armour (worn)
 c - a scarf of resistance (worn)
 h - a +2 hat (worn)
 k - a +0 pair of gloves (worn)
 s - a +0 cloak of poison resistance
Jewellery
 q - a +4 ring of protection
Scrolls
 a - 2 scrolls of identify {unknown}
 d - 2 scrolls of immolation {unknown}
 j - a scroll of teleportation {unknown}
 m - a scroll of fog {unknown}
 n - a scroll of amnesia {unknown}
 o - a scroll of noise {unknown}
Potions
 e - 2 potions of curing {unknown}
 f - a potion of mutation {unknown}
 l - a potion of ambrosia {unknown}
 p - a potion of cancellation {unknown}
 r - a potion of lignification {unknown}


   Skills:
 + Level 4.2 Fighting
 - Level 2.6 Dodging
 - Level 2.1 Stealth
 * Level 5.0 Unarmed Combat
 + Level 1.4 Invocations


You had 3 spell levels left.
You didn't know any spells.
Your spell library was empty.

Dungeon Overview and Level Annotations

Branches:
Dungeon (3/15)

Altars:
Cheibriados
Uskayaw

Shops:
D:2 !(


Innate Abilities, Weirdness & Mutations

You thrive by killing the living.
You are immune to poison.
You have sharp fingernails.
Your flesh is cold resistant. (rC+)
You are immune to negative energy. (rN+++)
You do not regenerate when monsters are visible.
You are immune to unholy pain and torment.


Message History

The wyvern skeleton bites you! The wyvern skeleton barely misses you.
You hit the wyvern skeleton.
The wyvern skeleton is lightly damaged.
The wyvern skeleton closely misses you.
You hit the wyvern skeleton.
The wyvern skeleton is moderately damaged.
The wyvern skeleton misses you.
You hit the wyvern skeleton.
The wyvern skeleton is moderately damaged.
The wyvern skeleton misses you.
You hit the wyvern skeleton.
You punch the wyvern skeleton, but do no damage.
The wyvern skeleton is moderately damaged.
The wyvern skeleton misses you.
You barely miss the wyvern skeleton.
The wyvern skeleton is moderately damaged.
The wyvern skeleton bites you!
You are too injured to fight recklessly!
You are too injured to fight recklessly!
You are too injured to fight recklessly!
You are too injured to fight recklessly!
You are too injured to fight recklessly!
You are too injured to fight recklessly!
You hit the wyvern skeleton.
The wyvern skeleton is heavily damaged.
The wyvern skeleton bites you but does no damage.
You hit the wyvern skeleton.
The wyvern skeleton is heavily damaged.
The wyvern skeleton bites you!
* * * LOW HITPOINT WARNING * * *
The wyvern skeleton bites you.
* * * LOW HITPOINT WARNING * * *
You hit the wyvern skeleton.
The wyvern skeleton is heavily damaged.
The wyvern skeleton bites you but does no damage.
You can now pass through a line of other dancers.
You hit the wyvern skeleton. You punch the wyvern skeleton!
The wyvern skeleton is almost destroyed.
The wyvern skeleton bites you!
You die...

.....# ....... .....#
................ .#####
...............[
.########..............
........# ............
####....# #.(......# #..).#
#........###### #....#
#...Z.........# ##....##
#....@........# #......#
#.............######## #......#
#....................# #......#
#....................# #......#
#.....................
#......#####.##.##.####.####...
#............##.##.# #.# #...
#..................# #.# #...
#...............#### #.# #...


You could see a wyvern skeleton.

Vanquished Creatures
  A howler monkey zombie (D:3)
  5 adders
  A worm (D:3)
  A dart slug (D:3)
  An orc (D:3)
  6 ball pythons
  6 endoplasms
  2 giant cockroaches
  6 goblins (D:3)
  7 hobgoblins
  2 frilled lizards
  7 kobolds
  6 rats
51 creatures vanquished.

Notes
Turn   | Place    | Note
-------+----------+-------------------------------------------
     0 | D:1      | Dvallin the Ghoul Monk began the quest for the Orb.
     0 | D:1      | Reached XP level 1. HP: 19/19 MP: 0/0
   383 | D:1      | Reached XP level 2. HP: 23/26 MP: 1/1
   432 | D:1      | Found a faded altar of an unknown god.
  1012 | D:2      | Reached skill level 4 in Unarmed Combat
  1012 | D:2      | Reached XP level 3. HP: 26/33 MP: 2/2
  1148 | D:2      | Found Guedau's Distillery.
  1212 | D:2      | Found a hide-covered altar of Uskayaw.
  1220 | D:2      | Became a worshipper of Uskayaw the Reveller
  1220 | D:2      | Reached * piety under Uskayaw
  1271 | D:2      | Found Buomp's Weapon Shop.
  2038 | D:3      | Reached ** piety under Uskayaw
  2134 | D:3      | Found a snail-covered altar of Cheibriados.
  2276 | D:3      | Reached XP level 4. HP: 40/40 MP: 3/3
  2409 | D:3      | Reached skill level 1 in Invocations
  2687 | D:3      | Reached skill level 5 in Unarmed Combat
  3016 | D:3      | Slain by a wyvern skeleton

Illustrated notes

Levels and vault maps discovered:
D:1:      psy_arrival_statuary, layout_basic,
          shapermc_ecumenical_altar_totnotflames
D:2:      layout_basic, basic_altar, serial_shops, nicolae_shop_statue_plus,
          nicolae_shop_stone
D:3:      layout_basic, nicolae_overflow_crystal_walls, minmay_goblin_outpost

Skill      XL: |  1  2  3  4 |
---------------+-------------+-----
Unarmed Combat | 4 5 |  5.0
Fighting       | 4 |  4.2
Invocations    | 1 |  1.4
Dodging        | |  2.6
Stealth        | |  2.1

Action                   |  1- 3 |  4- 6 || total
-------------------------+-------+-------++-------
Melee: Unarmed           |    79 |    89 ||   168
       Punch             |     2 |     5 ||     7
Throw: Stone             |    71 |    46 ||   117
 Stab: Sleeping          |     2 |       ||     2
Armor: Leather armour    |    22 |    36 ||    58
Dodge: Dodged            |    34 |    56 ||    90

Table legend: (Time is in decaauts)
 A = Elapsed time spent in this place.
 B = Non-inter-level travel time spent in this place.
 C = Inter-level travel time spent in this place.
 D = Time resting spent in this place.
 E = Time spent auto-exploring this place.
 F = Levels seen in this place.
 G = Mean time per level.
                   A        B        C        D        E       F      G
               +--------+--------+--------+--------+--------+-----+--------+
         Total |   3013 |   2962 |     51 |      0 |   2487 |   3 | 1004.3 |
       Dungeon |   3013 |   2962 |     51 |      0 |   2487 |   3 | 1004.3 |
               +--------+--------+--------+--------+--------+-----+--------+

Top non-repeatable levels by time:
     D:3: 1069 daAuts
     D:1: 1003 daAuts
     D:2: 941 daAuts
